[Event "*** Titled Tuesday Blitz"]
[Site "Chess.com"]
[Date "2020.04.14"]
[Round "4"]
[White "StegariuVlad"]
[Black "Alexander_Moskalenko"]
[Result "0-1"]
[WhiteElo "2592"]
[BlackElo "2954"]
[TimeControl "180+1"]
[EndTime "10:38:03 PDT"]
[Termination "Alexander_Moskalenko won by checkmate"]

1. e4 c6 2. d4 d5 3. exd5 cxd5 4. Bd3 Nf6 5. h3 Nc6 6. c3 g6 7. Qc2 Bg7 8. Nf3 O-O 9. Bf4 Qb6 10. O-O Ne4 11. Qb3 Qxb3 12. axb3 Bd7 13. Nbd2 Nxd2 14. Nxd2 a6 15. b4 e6 16. Nb3 Rad8 17. Nc5 e5 18. dxe5 Bxe5 19. Bxe5 Nxe5 20. Rad1 Nxd3 21. Nxd3 d4 22.
Nc5 Bb5 23. Rfe1 dxc3 24. bxc3 b6 25. Ne4 Kg7 26. Nd6 Bc6 27. Re7 a5 28. b5 Bxb5 29. Rb7 Ba4 30. Rd4 b5 31. Nxb5 Bxb5 32. Rxb5 Rxd4 33.
cxd4 Ra8 34. Rb3 a4 35. Ra3 Kf6 36. Kf1 Kf5 37. f3 Ke6 38. Ke2 Kd5 39. Kd3 g5 40.
g4 f6 41. Ke3 Kc4 42. Ke4 Kb4 43. Ra1 a3 44. d5 a2 45. d6 Kc5 46. Kf5 Kxd6 47. Kxf6 h6 48. Kg6 Ke5 49. Kxh6 Kf4 50. Kg6 Ra6+ 51. Kh5 Ra8 52. Kg6 Ra5 53. Kh5 Ra6 54.
h4 gxh4 55. Kxh4 Rh6# 0-1

[Event "*** Titled Tuesday Blitz"]
[Site "Chess.com"]
[Date "2020.04.14"]
[Round "4"]
[White "Stewie_89"]
[Black "Kingsman132"]
[Result "0-1"]
[WhiteElo "2615"]
[BlackElo "2438"]
[TimeControl "180+1"]
[EndTime "10:38:13 PDT"]
[Termination "Kingsman132 won by resignation"]

1. e4 e5 2. Nf3 Nc6 3. Bb5 a6 4. Ba4 Nf6 5. d3 b5 6. Bb3 Bc5 7. O-O d6 8. c3 Bg4 9. Be3 Bxe3 10. fxe3 O-O 11. Nbd2 a5 12. Qe1 a4 13. Bc2 Ne7 14. Qg3 Ng6 15. d4 Bxf3 16. Rxf3 Qe7 17. Raf1 c5 18. d5 a3 19. b3 b4 20. c4 Qd7 21. h3 h6 22. R3f2 Kh7 23. Nf3 Nh5 24. Qh2 Qe7 25. g4 Nf6 26. Qg3 Rh8 27. h4 Kg8 28. h5 Nf8 29. Nh4 N8h7 30. Nf5 Qd7 31. Rg2 Ng5 32. Kf2 Nfxe4+ 33. Ke1 Nxg3 34. Rxg3 e4 35. Rf4 Qe8 36. Nxd6 Qe5 37. Nxe4 Nxe4 38. Bxe4 Qa1+ 39.
Kf2 Qxa2+ 40. Kf3 0-1

[Event "*** Titled Tuesday Blitz"]
[Site "Chess.com"]
[Date "2020.04.14"]
[Round "4"]
[White "AcostaPablo"]
[Black "The_Chess_Coach"]
[Result "1-0"]
[WhiteElo "2495"]
[BlackElo "2177"]
[TimeControl "180+1"]
[EndTime "10:38:13 PDT"]
[Termination "AcostaPablo won by resignation"]

1. d4 Nf6 2. c4 g6 3. Nc3 Bg7 4. g3 O-O 5. Bg2 d6 6. e4 Nc6 7. Nge2 a6 8. O-O Rb8 9. h3 b5 10. cxb5 axb5 11. d5 Na5 12. b4 Nc4 13. Rb1 e6 14.
Nd4 Bd7 15. dxe6 fxe6 16. Qb3 Nxe4 17. Nxe4 Bxd4 18. Bg5 Qe8 19. a4 d5 20. axb5 Bxb5 21.
Nc3 Qf7 22. Nxb5 Rxb5 23. Kh2 Qf5 24. Bh6 Rfb8 25. Qd1 Bf6 26. Re1 R5b6 27. Qe2 g5 28.
f4 gxf4 29. Bxf4 Rc8 30. Rf1 Rb5 31. Bxc7 Qg6 32. Qxe6+ Kg7 33. Qxc8 Ne3 34. Qd7+ Kh6 35. Bf4+ 1-0

[Event "*** Titled Tuesday Blitz"]
[Site "Chess.com"]
[Date "2020.04.14"]
[Round "4"]
[White "kingofthenil"]
[Black "CHESSMASTER759"]
[Result "0-1"]
[WhiteElo "2545"]
[BlackElo "2743"]
[TimeControl "180+1"]
[EndTime "10:38:15 PDT"]
[Termination "CHESSMASTER759 won by checkmate"]

1. e4 d6 2. d4 Nf6 3. f3 e5 4. dxe5 dxe5 5. Qxd8+ Kxd8 6. Bc4 Ke8 7. Be3 Nbd7 8. Nd2 c6 9. Nh3 Bc5 10. Ke2 a5 11. a4 Bxe3 12. Kxe3 Nc5 13. Nb3 Nxb3 14. Bxb3 Bxh3 15. gxh3 Nh5 16. Rhg1 g6 17. Rad1 Ke7 18.
h4 Rhd8 19. c3 Nf4 20. Bc2 h5 21. Bd3 Rd7 22. Be2 Rxd1 23. Bxd1 b5 24. Be2 bxa4 25.
Ra1 Rb8 26. Rxa4 Rxb2 27. Bf1 Rxh2 28. Rxa5 Kf6 29. Rc5 Rxh4 30. Rxc6+ Kg5 31. c4 Rh1 32. Kf2 Rh2+ 33. Kg1 Rc2 34. c5 Kh4 35. Rc7 Kg3 36.
Rxf7 Rc1 37. Rg7 Nh3+ 38. Kh1 Rxf1# 0-1

[Event "*** Titled Tuesday Blitz"]
[Site "Chess.com"]
[Date "2020.04.14"]
[Round "4"]
[White "Oligan22"]
[Black "francyIM"]
[Result "0-1"]
[WhiteElo "2392"]
[BlackElo "2628"]
[TimeControl "180+1"]
[EndTime "10:38:18 PDT"]
[Termination "francyIM won on time"]

1. e4 e5 2. Nf3 Nc6 3. Bb5 a6 4. Ba4 d6 5. O-O Bg4 6. c3 Qf6 7. d3 Ne7 8. h3 Bxf3 9. Qxf3 Qxf3 10. gxf3 O-O-O 11. f4 d5 12. fxe5 Nxe5 13. Bc2 dxe4 14. dxe4 g5 15. f4 gxf4 16. Bxf4 Rg8+ 17. Kh2 N7g6 18. Bg3 h5 19. Rf2 h4 20. Bxe5 Nxe5 21.
Rg2 Bd6 22. Kh1 Nc4 23. Bb3 Ne5 24. Nd2 Rxg2 25. Kxg2 Rg8+ 26. Kf2 Rg3 27. Rh1 Nd3+ 28. Ke2 Nf4+ 29. Ke1 f6 30. Nf1 Rf3 31. Bd1 Rd3 0-1

[Event "*** Titled Tuesday Blitz"]
[Site "Chess.com"]
[Date "2020.04.14"]
[Round "4"]
[White "Shield12"]
[Black "albi1999"]
[Result "1-0"]
[WhiteElo "2873"]
[BlackElo "2584"]
[TimeControl "180+1"]
[EndTime "10:38:22 PDT"]
[Termination "Shield12 won by resignation"]

1. e4 c6 2. d4 d5 3. exd5 cxd5 4. Bd3 Nc6 5. c3 g6 6. Bf4 Bf5 7. Be2 Bg7 8. Nf3 Nf6 9. O-O O-O 10. h3 Ne4 11.
Nbd2 Re8 12. Re1 Nd6 13. Nf1 Qb6 14. Qb3 Rad8 15. Ne3 Be4 16. Nd2 e5 17. dxe5 Nxe5 18. Nxe4 Nxe4 19. Qxb6 axb6 20. Rad1 d4 21. cxd4 Nc6 22.
d5 Nd4 23. Bd3 Nc5 24. Bc7 Nxd3 25. Rxd3 Ra8 26. d6 Ne6 27. Bxb6 Bxb2 28. d7 Rf8 29. Nc4 Bf6 30. Nd6 Rxa2 31. Ne8 Bd8 32. Rxe6 Ra1+ 33. Kh2 fxe6 34. Bxd8 1-0

[Event "*** Titled Tuesday Blitz"]
[Site "Chess.com"]
[Date "2020.04.14"]
[Round "4"]
[White "mrkvoz"]
[Black "dukicz123"]
[Result "1-0"]
[WhiteElo "2793"]
[BlackElo "2557"]
[TimeControl "180+1"]
[EndTime "10:38:22 PDT"]
[Termination "mrkvoz won by checkmate"]

1. e4 e5 2. Nf3 Nc6 3. d4 exd4 4.
Nxd4 Nf6 5. Nxc6 bxc6 6. Bd3 d5 7. exd5 cxd5 8. O-O Be7 9. c4 O-O 10. cxd5 Nxd5 11. Qf3 Be6 12. Rd1 c6 13. Nc3 Qb6 14.
Be4 Nxc3 15. bxc3 Rac8 16. Be3 Qa6 17. Qh5 g6 18. Qe5 Qb5 19. Bd5 Bxd5 20. Qxe7 f6 21. Qxa7 Qe2 22. Qd7 Rcd8 23. Qh3 Bxa2 24. Re1 Qc2 25.
Bd4 Bd5 26. Ra7 Qd2 27. Qxh7# 1-0

[Event "*** Titled Tuesday Blitz"]
[Site "Chess.com"]
[Date "2020.04.14"]
[Round "4"]
[White "jmduque"]
[Black "Renegade_Hitman"]
[Result "1-0"]
[WhiteElo "2378"]
[BlackElo "1926"]
[TimeControl "180+1"]
[EndTime "10:38:22 PDT"]
[Termination "jmduque won on time"]

1. b3 e5 2. Bb2 Nc6 3. g3 d5 4. Bg2 Nf6 5. e3 Be7 6. Ne2 O-O 7. d3 Bf5 8. Nd2 h6 9. h3 Qd7 10. a3 Rfe8 11. b4 Rad8 12. Nb3 b6 13. Qd2 a5 14. b5 Nb8 15. Bxe5 Qxb5 16. Bxc7 Rc8 17. Ned4 Qd7 18.
Bxb6 a4 19. Nc1 Bc5 20. Bxc5 Rxc5 21. Nce2 Rec8 22. Nxf5 Qxf5 23. Nd4 Qd7 24. O-O Nc6 25. Nxc6 Qxc6 26. c4 Qa6 27. cxd5 Rc2 28. Qd1 R8c3 29. d4 Qc4 30. Qf3 Rb3 31. d6 Rcc3 32. Qa8+ Kh7 33. Rae1 Rxa3 34. e4 Qxd4 35. e5 Nd7 36. Be4+ g6 37.
Kh2 Nxe5 38. Qf8 1-0

[Event "*** Titled Tuesday Blitz"]
[Site "Chess.com"]
[Date "2020.04.14"]
[Round "4"]
[White "Grandmaster2B"]
[Black "Alonmindlin"]
[Result "1-0"]
[WhiteElo "2545"]
[BlackElo "2700"]
[TimeControl "180+1"]
[EndTime "10:38:23 PDT"]
[Termination "Grandmaster2B won by resignation"]

1. e4 e5 2. Nf3 Nc6 3. Bb5 a6 4. Ba4 Nf6 5. O-O Be7 6. Re1 b5 7. Bb3 d6 8. c3 O-O 9. h3 Nb8 10. d4 Nbd7 11. Nbd2 Bb7 12. Bc2 Re8 13. Nf1 Bf8 14. Ng3 g6 15. a4 Bg7 16. Bg5 h6 17.
Bd2 c6 18. b4 Qc7 19. Kh2 Nb6 20. Bb3 bxa4 21. Bxa4 Nxa4 22. Qxa4 exd4 23. cxd4 c5 24. d5 cxb4 25. Rac1 Qb6 26. Qxb4 Qxb4 27. Bxb4 Red8 28. Rc7 Rab8 29. Ba5 Rdc8 30. Nd2 Ne8 31. Rd7 Be5 32. Rb1 Ra8 33. Rbxb7 h5 34. Nf3 Bxg3+ 35. fxg3 1-0

[Event "*** Titled Tuesday Blitz"]
[Site "Chess.com"]
[Date "2020.04.14"]
[Round "4"]
[White "Everyfishknows"]
[Black "Artem_Sadovsky"]
[Result "0-1"]
[WhiteElo "2353"]
[BlackElo "2611"]
[TimeControl "180+1"]
[EndTime "10:38:23 PDT"]
[Termination "Artem_Sadovsky won by checkmate"]

1. d4 g6 2. e4 Bg7 3. Nf3 d6 4. Bd3 e5 5. c3 Nc6 6. Be3 Bg4 7. d5 Nce7 8. c4 f5 9. exf5 gxf5 10.
h3 e4 11. hxg4 Bxb2 12. Nbd2 exd3 13. Ng5 f4 14. Ne6 fxe3 15. Nxd8 exd2+ 16. Kxd2 Kxd8 17. Rb1 Bd4 18. Qf3 Nf6 19. g5 Nd7 20. Kxd3 Ne5+ 21.
Kxd4 Nxf3+ 22. gxf3 b6 23. f4 Kd7 24. Ke4 Raf8 25. Rh4 Ng6 26. Rg4 Re8+ 27. Kd3 Rhf8 28. Rh1 Nxf4+ 29. Kd2 Re2+ 30. Kd1 Re7 31. Kd2 b5 32. cxb5 Nxd5 33. a4 Rxf2+ 34. Kd3 Re3+ 35. Kd4 Rd2+ 36. Kc4 Rc3# 0-1

[Event "*** Titled Tuesday Blitz"]
[Site "Chess.com"]
[Date "2020.04.14"]
[Round "4"]
[White "BelaKis"]
[Black "GodDMuhammad"]
[Result "0-1"]
[WhiteElo "2075"]
[BlackElo "2248"]
[TimeControl "180+1"]
[EndTime "10:38:23 PDT"]
[Termination "GodDMuhammad won on time"]

1. Nf3 Nf6 2. g3 d5 3. Bg2 c5 4. O-O Nc6 5. d3 e5 6. a3 Be6 7. Nbd2 Bd6 8. c4 Qd7 9. Qa4 O-O 10. Rb1 d4 11. b4 cxb4 12. axb4 a6 13. b5 Na7 14.
Qa5 axb5 15. cxb5 Nd5 16. Ne4 b6 17. Qd2 Bc7 18. Nfg5 Nxb5 19. Nxe6 fxe6 20. Rxb5 Qxb5 21. Qg5 Rf5 22. Qh4 Bd8 23. Qh3 Ra2 24. Re1 Qb4 25. Bd2 Rxd2 26. Nxd2 Qxd2 27. Ra1 Qxe2 28. Be4 Qxf2+ 29.
Kh1 Ne3 30. Bxf5 exf5 31. Rc1 b5 32. Rb1 b4 0-1

[Event "*** Titled Tuesday Blitz"]
[Site "Chess.com"]
[Date "2020.04.14"]
[Round "4"]
[White "Frogo47"]
[Black "Fighterman91"]
[Result "0-1"]
[WhiteElo "2517"]
[BlackElo "2698"]
[TimeControl "180+1"]
[EndTime "10:38:24 PDT"]
[Termination "Fighterman91 won by resignation"]

1. e4 c5 2. Nf3 d6 3. c3 Nf6 4.
Be2 g6 5. O-O Nbd7 6. d3 b6 7. Re1 Bb7 8. Bf1 Bg7 9. Nbd2 O-O 10. a4 a6 11. d4 cxd4 12. c4 e5 13. a5 bxa5 14. b3 Nc5 15. Qc2 Rb8 16. Ra3 Bc6 17. Bd3 Nxd3 18. Qxd3 Nd7 19. Qc2 Nc5 20.
Qa2 a4 21. bxa4 Rb4 22. a5 Qa8 23. Qc2 Rfb8 24. h3 Ba4 25. Qa2 Qb7 26. Nh2 Bc6 27.
f3 h5 28. Nhf1 Bh6 29. Ng3 Bf4 30. Ndf1 Bxc1 31. Rd1 Bxa3 32. Rc1 Bxc1 0-1

[Event "*** Titled Tuesday Blitz"]
[Site "Chess.com"]
[Date "2020.04.14"]
[Round "4"]
[White "lachesisQ"]
[Black "dretch"]
[Result "1-0"]
[WhiteElo "3089"]
[BlackElo "2777"]
[TimeControl "180+1"]
[EndTime "10:38:25 PDT"]
[Termination "lachesisQ won on time"]

1. c4 c6 2. Nf3 d5 3. e3 Nf6 4. Nc3 e6 5. b3 Nbd7 6. Bb2 Bd6 7. Qc2 O-O 8. Be2 b6 9. g4 Bb7 10. g5 Nh5 11. h4 g6 12. O-O-O e5 13. Kb1 Rc8 14.
Nh2 b5 15. Ng4 bxc4 16. bxc4 Rb8 17. Nh6+ Kh8 18. Ka1 d4 19. Ne4 Nc5 20. exd4 Nxe4 21. Qxe4 Ba6 22. Bc3 Qe7 23. Bxh5 gxh5 24. Nf5 Qe6 25.
d5 1-0

[Event "*** Titled Tuesday Blitz"]
[Site "Chess.com"]
[Date "2020.04.14"]
[Round "4"]
[White "mitrabhaa"]
[Black "SameerMujumdar"]
[Result "1-0"]
[WhiteElo "2619"]
[BlackElo "2412"]
[TimeControl "180+1"]
[EndTime "10:38:25 PDT"]
[Termination "mitrabhaa won by resignation"]

1. Nf3 Nf6 2. d4 g6 3. g3 Bg7 4.
Bg2 O-O 5. O-O d6 6. c4 c6 7. Nc3 Nbd7 8. h3 Qc7 9. e4 e5 10.
Be3 exd4 11. Nxd4 Nc5 12. Qc2 a5 13. b3 Re8 14. Rad1 Qe7 15. Rfe1 Nfd7 16. f4 Qf8 17. Bf2 Na6 18. a3 Ndc5 19. Kh2 Bd7 20. Qb2 h5 21.
Qc2 h4 22. g4 b5 23. cxb5 cxb5 24. Ndxb5 Rab8 25. Nxd6 Re6 26. e5 Rxb3 27. Nd5 Rxd6 28. exd6 Rb2 29. Qc4 Rxf2 30. Re7 Bc6 31. Rde1 Qd8 32.
d7 Bxd7 33. Nf6+ Bxf6 34. Qxf7+ 1-0

[Event "*** Titled Tuesday Blitz"]
[Site "Chess.com"]
[Date "2020.04.14"]
[Round "4"]
[White "Falia-p"]
[Black "viktorko131"]
[Result "1-0"]
[WhiteElo "2323"]
[BlackElo "2124"]
[TimeControl "180+1"]
[EndTime "10:38:27 PDT"]
[Termination "Falia-p won on time"]

1. e4 c5 2. Nf3 Nc6 3. Bb5 e6 4. O-O Nge7 5. Re1 a6 6. Bf1 b5 7. a4 Bb7 8. axb5 axb5 9. Rxa8 Qxa8 10. Bxb5 g6 11. Nc3 Bg7 12. d3 O-O 13. Bg5 f6 14. Bf4 f5 15. Bd6 Re8 16. exf5 Nxf5 17. Bxc5 Qa5 18. Bxc6 Bxc6 19. b4 Qa8 20. Ne4 Rd8 21.
Nd6 Nxd6 22. Bxd6 Bc3 23. Re3 Qa4 24. h3 Bxb4 25. Bxb4 Qxb4 26. Ne5 Ba8 27. Qg4 Qb7 28. Nxg6 hxg6 29. Qxg6+ Kh8 30. Rg3 1-0

[Event "*** Titled Tuesday Blitz"]
[Site "Chess.com"]
[Date "2020.04.14"]
[Round "4"]
[White "davigator"]
[Black "Peng_Li-Min"]
[Result "0-1"]
[WhiteElo "2358"]
[BlackElo "2636"]
[TimeControl "180+1"]
[EndTime "10:38:28 PDT"]
[Termination "Peng_Li-Min won by checkmate"]

1. e4 d6 2. d4 Nf6 3. Nc3 Nbd7 4.
Be3 e5 5. f3 Be7 6. Qd2 c6 7.
O-O-O Qc7 8. Kb1 b5 9. g4 Nb6 10. g5 Nfd7 11. Bd3 b4 12. Nce2 a5 13. Ng3 g6 14. h4 Bb7 15. h5 O-O-O 16. Rc1 Kb8 17. c3 d5 18. exd5 Nxd5 19. Be4 bxc3 20. bxc3 exd4 21. Bf2 Nxc3+ 22. Ka1 c5 23. N3e2 Bxe4 24. fxe4 Nxe4 25. Qb2+ Qb6 26. Bg3+ Nxg3 27. Nxg3 Qxb2+ 28. Kxb2 Bxg5 29. Nf3 Bf6 30. Kb3 d3 31. Ne4 Be7 32. Kc4 Nb6+ 33. Kb5 Ka7 34. Kxa5 c4 35. Ne5 Rd5+ 36.
Nc5 Rxc5+ 37. Kb4 Rxe5+ 38. Kc3 Re2 39. a3 Bf6+ 40. Kb4 Rb2+ 41. Kc5 Rd8 42. hxg6 hxg6 43. Rhf1 Kb7 44. Rxf6 Rd5# 0-1

[Event "*** Titled Tuesday Blitz"]
[Site "Chess.com"]
[Date "2020.04.14"]
[Round "4"]
[White "LuckSlayeer"]
[Black "kirillshevchenko"]
[Result "0-1"]
[WhiteElo "2580"]
[BlackElo "2864"]
[TimeControl "180+1"]
[EndTime "10:38:31 PDT"]
[Termination "kirillshevchenko won by resignation"]

1. e4 c5 2. Nf3 d6 3. d4 cxd4 4. Nxd4 Nf6 5. Nc3 a6 6. Be3 e5 7. Nb3 Be6 8. f4 Nc6 9. f5 Bxb3 10. axb3 Nb4 11. Bc4 b5 12. Bd5 Rb8 13. O-O Qc7 14. Qd2 Be7 15. Rfc1 O-O 16. Bg5 Nbxd5 17. exd5 b4 18.
Bxf6 bxc3 19. Qxc3 Qb6+ 20. Kh1 Bxf6 21. Qc6 Rfc8 22.
Qxb6 Rxb6 23. c4 Rxb3 24. Rxa6 Rxb2 25. h3 Be7 26. c5 dxc5 27. d6 Bf6 28. Rxc5 Rd8 29.
d7 Rd2 30. Ra7 R2xd7 31. Rxd7 Rxd7 0-1

[Event "*** Titled Tuesday Blitz"]
[Site "Chess.com"]
[Date "2020.04.14"]
[Round "4"]
[White "stanyga"]
[Black "DrBergerBerger"]
[Result "1-0"]
[WhiteElo "2672"]
[BlackElo "2502"]
[TimeControl "180+1"]
[EndTime "10:38:32 PDT"]
[Termination "stanyga won on time"]

1. e4 e6 2. d4 d5 3. e5 c5 4.
c3 Nc6 5. Nf3 Bd7 6. Be2 Nge7 7.
O-O Ng6 8. g3 Be7 9. h4 cxd4 10.
cxd4 O-O 11. h5 Nh8 12. Nc3 f6 13. h6 g6 14. exf6 Bxf6 15. Kg2 Nf7 16. Bf4 Ng5 17.
Ne5 Bxe5 18. dxe5 Nf7 19. Kh2 Nfxe5 20. Nxd5 exd5 21. Qxd5+ Nf7 22. Bc4 Bf5 23. Qb5 Nd4 24.
Qb4 a5 25. Qc3 1-0

[Event "*** Titled Tuesday Blitz"]
[Site "Chess.com"]
[Date "2020.04.14"]
[Round "4"]
[White "TheBigBoss04"]
[Black "Oleksandr_Bortnyk"]
[Result "0-1"]
[WhiteElo "2771"]
[BlackElo "3043"]
[TimeControl "180+1"]
[EndTime "10:38:33 PDT"]
[Termination "Oleksandr_Bortnyk won by resignation"]

1. Nf3 Nf6 2. d4 d6 3. Bg5 Ne4 4. Bf4 Bf5 5. Nbd2 e6 6. e3 Nxd2 7. Qxd2 Nd7 8. Bd3 Bg6 9. h4 Be7 10. h5 Bxd3 11. Qxd3 h6 12. O-O-O c6 13. Kb1 a5 14. e4 a4 15. Bc1 Qb6 16. Rhe1 Ra5 17. g4 d5 18. exd5 cxd5 19. Rh1 Rb5 20. b3 axb3 21. axb3 Nf6 22. Ne5 Ne4 23. Rdf1 Bb4 24. c4 Ra5 25. g5 Nc3+ 26. Kc2 Ra2+ 27. Bb2 Ba3 28. Qxc3 Bxb2 29. Kd1 Bxc3 0-1

[Event "*** Titled Tuesday Blitz"]
[Site "Chess.com"]
[Date "2020.04.14"]
[Round "4"]
[White "Keks2017"]
[Black "dcann0n88"]
[Result "1-0"]
[WhiteElo "2480"]
[BlackElo "2299"]
[TimeControl "180+1"]
[EndTime "10:38:33 PDT"]
[Termination "Keks2017 won by resignation"]

1. e4 c5 2. Nf3 e6 3. d4 cxd4 4. Nxd4 Nf6 5. Nc3 d6 6. Be3 a6 7. Qf3 Qc7 8. O-O-O b5 9. Bxb5+ axb5 10. Ndxb5 Qc6 11.
e5 Nd5 12. Rxd5 exd5 13. Nxd5 Bb7 14. Nbc7+ Kd8 15. Bg5+ Kc8 16. Qf5+ Nd7 17. Nxa8 Bxa8 18. Qxf7 Nxe5 19. Qe6+ Nd7 20. Rd1 g6 21. Bf6 Bh6+ 22.
Kb1 Rf8 23. Rd3 Rxf6 24. Nxf6 Qxg2 25. Qxd7+ Kb8 26. Qd8+ Ka7 27. Ra3+ Kb7 28. Qxa8+ 1-0

[Event "*** Titled Tuesday Blitz"]
[Site "Chess.com"]
[Date "2020.04.14"]
[Round "4"]
[White "plumalka"]
[Black "grandcoach"]
[Result "1-0"]
[WhiteElo "2378"]
[BlackElo "1857"]
[TimeControl "180+1"]
[EndTime "10:38:33 PDT"]
[Termination "plumalka won on time"]

1. e4 c5 2. Nf3 e6 3. d4 cxd4 4. Nxd4 a6 5. Bd3 Bc5 6. Nb3 Ba7 7. Qg4 Nf6 8. Qg3 Nc6 9. O-O O-O 10. e5 Nh5 11. Qh3 g6 12. Re1 Qc7 13. g4 Ng7 14.
Bf4 f6 15. Nc3 Bxf2+ 16. Kxf2 fxe5 17. Kg1 Rxf4 18. Ne4 Qb6+ 19. Kh1 h5 20. gxh5 Nxh5 21. Qg2 Ne7 22. a4 d5 23. a5 Qc7 24. Ng3 e4 25. Nxh5 1-0

[Event "*** Titled Tuesday Blitz"]
[Site "Chess.com"]
[Date "2020.04.14"]
[Round "4"]
[White "KingCrusher275"]
[Black "lokomotiv777"]
[Result "1-0"]
[WhiteElo "2377"]
[BlackElo "2160"]
[TimeControl "180+1"]
[EndTime "10:38:33 PDT"]
[Termination "KingCrusher275 won by checkmate"]

1. d4 d5 2. c4 c6 3. Nf3 Nf6 4.
e3 g6 5. Nc3 Bg7 6. Be2 O-O 7.
O-O Bg4 8. b3 a6 9. Bb2 e6 10.
Ne5 Bxe2 11. Qxe2 Nbd7 12. f4 Nxe5 13. fxe5 Nd7 14. Rad1 f6 15. exf6 Rxf6 16. Rxf6 Nxf6 17. e4 dxe4 18. Nxe4 Nxe4 19. Qxe4 Qf6 20. Rf1 Qe7 21. Re1 Rd8 22. Ba1 Qd6 23. Rd1 c5 24. Qxb7 cxd4 25.
Rf1 e5 26. Rf7 Bf6 27. Rxh7 d3 28. Qf7# 1-0

[Event "*** Titled Tuesday Blitz"]
[Site "Chess.com"]
[Date "2020.04.14"]
[Round "4"]
[White "Sashadav97"]
[Black "realmadridtv"]
[Result "1-0"]
[WhiteElo "2600"]
[BlackElo "2353"]
[TimeControl "180+1"]
[EndTime "10:38:34 PDT"]
[Termination "Sashadav97 won by resignation"]

1. d4 Nf6 2. c4 e6 3. Nc3 Bb4 4. a3 Bxc3+ 5. bxc3 b6 6. f3 d6 7. e4 Nc6 8. Bd3 e5 9. Ne2 O-O 10. O-O Ba6 11. f4 Re8 12. fxe5 dxe5 13. d5 Ne7 14. Bg5 Nd7 15. Ng3 f6 16. Be3 Nc5 17. Be2 c6 18. d6 Ng6 19. Nf5 Qd7 20. Bxc5 bxc5 21. Bg4 Qf7 22. d7 Red8 23. Nd6 Qf8 24. Be6+ Kh8 25. Nf7+ Qxf7 26. Bxf7 Nf8 27. Be8 Bxc4 28.
Qd6 Ng6 29. Bxg6 hxg6 30. Rfd1 Be2 31. Rd2 Bg4 32. Qe7 Rab8 33. h3 Bh5 34. g4 1-0

[Event "*** Titled Tuesday Blitz"]
[Site "Chess.com"]
[Date "2020.04.14"]
[Round "4"]
[White "BabyBoss31"]
[Black "Fy_Rakotomaharo"]
[Result "1-0"]
[WhiteElo "2354"]
[BlackElo "2552"]
[TimeControl "180+1"]
[EndTime "10:38:35 PDT"]
[Termination "BabyBoss31 won on time"]

1. d4 Nf6 2. c4 g6 3. Nc3 d5 4.
Bg5 Ne4 5. Bh4 Nxc3 6. bxc3 dxc4 7. e3 Be6 8. Nf3 Bg7 9. Qb1 b6 10. Be2 O-O 11. O-O c5 12. Rd1 Qc7 13. Bg3 Qc8 14. d5 Bg4 15. Qe4 Bxc3 16. Rac1 Bf6 17. Rxc4 Bf5 18. Qf4 b5 19. Rcc1 c4 20. e4 Bg4 21.
e5 Bg7 22. h3 Bxf3 23. Bxf3 Nd7 24. Qg5 f6 25. exf6 exf6 26. Qg4 1-0

[Event "*** Titled Tuesday Blitz"]
[Site "Chess.com"]
[Date "2020.04.14"]
[Round "4"]
[White "Hippotaner"]
[Black "PauloCesarCosta_sad"]
[Result "1-0"]
[WhiteElo "2255"]
[BlackElo "2077"]
[TimeControl "180+1"]
[EndTime "10:38:35 PDT"]
[Termination "Hippotaner won on time"]

1. Nf3 d5 2. g3 Nf6 3. Bg2 Bg4 4.
O-O c6 5. d3 Nbd7 6. Nbd2 e6 7.
h3 Bh5 8. Nh4 Be7 9. Qe1 O-O 10.
e4 dxe4 11. dxe4 Ne8 12. Nhf3 Qb6 13. Nc4 Qa6 14. b3 Bxf3 15. Bxf3 Nd6 16. Nxd6 Bxd6 17. Qd2 Ne5 18. Be2 Bb4 19. Bxa6 Bxd2 20. Bxb7 Rab8 21.
Ba6 Nf3+ 22. Kg2 Bxc1 23. Raxc1 Rb6 24. Kxf3 Rxa6 25. a4 c5 26. c4 Rb6 27. Rc3 Rfb8 28. Rd1 R6b7 29. Ke2 g6 30. Rdd3 Kg7 31. f4 Kf6 32.
Kd2 Ke7 33. Kc2 a5 34. Rd1 Rc7 35. g4 f6 36. f5 exf5 37. exf5 gxf5 38. Re3+ Kf7 39.
gxf5 Rcb7 40. Rd6 Rb6 41. Rd7+ Kf8 42. Rxh7 1-0

[Event "*** Titled Tuesday Blitz"]
[Site "Chess.com"]
[Date "2020.04.14"]
[Round "4"]
[White "StoreySniper"]
[Black "BabyFacedAssasin"]
[Result "0-1"]
[WhiteElo "2522"]
[BlackElo "2289"]
[TimeControl "180+1"]
[EndTime "10:38:37 PDT"]
[Termination "BabyFacedAssasin won by resignation"]

1. g3 g6 2. Bg2 Bg7 3. c4 c5 4.
Nc3 Nc6 5. Rb1 Nf6 6. a3 d6 7. b4 cxb4 8. axb4 O-O 9. b5 Ne5 10. d3 Rb8 11. Be3 b6 12. Nf3 Bb7 13. O-O Nxf3+ 14.
Bxf3 Bxf3 15. exf3 d5 16. Bd4 e6 17. cxd5 Nxd5 18. Bxg7 Kxg7 19. Ne4 f5 20. Nd2 h5 21. Qb3 h4 22. Nc4 hxg3 23. hxg3 Rh8 24. Qb2+ Qf6 25.
Ne5 Rh7 26. Ra1 Rbh8 27. Rxa7+ Ne7 28. Rxe7+ Qxe7 29. Ng4+ e5 30. Re1 fxg4 0-1

[Event "*** Titled Tuesday Blitz"]
[Site "Chess.com"]
[Date "2020.04.14"]
[Round "4"]
[White "KingChess345"]
[Black "Jojo_1608"]
[Result "0-1"]
[WhiteElo "2035"]
[BlackElo "2236"]
[TimeControl "180+1"]
[EndTime "10:38:37 PDT"]
[Termination "Jojo_1608 won on time"]

1. d4 Nf6 2. Nf3 g6 3. g3 Bg7 4. Bg2 O-O 5. O-O d6 6. c4 Nc6 7. Nc3 e5 8. d5 Ne7 9. Ne1 Ne8 10.
e4 f5 11. Nd3 c6 12. Bg5 h6 13. Be3 cxd5 14. cxd5 g5 15. exf5 Bxf5 16. Re1 Nf6 17. h3 Qd7 18. g4 Bg6 19. Ne2 Nexd5 20. Ng3 Nf4 21. Bxf4 gxf4 22. Nf5 Bxf5 23. gxf5 Qxf5 24. Nb4 e4 25. Qxd6 f3 26. Bf1 Qg5+ 27. Qg3 Qxg3+ 28. fxg3 Nh5 29. g4 Bd4+ 0-1

[Event "*** Titled Tuesday Blitz"]
[Site "Chess.com"]
[Date "2020.04.14"]
[Round "4"]
[White "DIM90"]
[Black "beto-betun"]
[Result "0-1"]
[WhiteElo "2239"]
[BlackElo "2104"]
[TimeControl "180+1"]
[EndTime "10:38:38 PDT"]
[Termination "beto-betun won by checkmate"]

1. e4 c5 2. d4 cxd4 3. c3 dxc3 4. Nxc3 e6 5. Nf3 a6 6. Bc4 Nc6 7. O-O Nge7 8. Qe2 b5 9. Bb3 Ng6 10. Rd1 Be7 11. g3 O-O 12. h4 Bb7 13. h5 Nge5 14. Nxe5 Nxe5 15. Bf4 Bf6 16. h6 g6 17. Rd6 Qe7 18. Rad1 Rfd8 19. Rb6 d6 20. a4 bxa4 21. Nxa4 Rac8 22. Nc3 Qc7 23. Be3 Be7 24. f4 Nd7 25.
Rxb7 Qxb7 26. f5 Qxb3 27. fxe6 Qxe6 28. Nd5 Ne5 29. Qxa6 Rc6 30. Qb7 Bf8 31. Bg5 Rdc8 32. Rf1 Qh3 33. Bf4 Rc2 34. Rf2 Nf3+ 35. Rxf3 Qg2# 0-1

[Event "*** Titled Tuesday Blitz"]
[Site "Chess.com"]
[Date "2020.04.14"]
[Round "4"]
[White "Sjakkerntobi"]
[Black "HarryCun"]
[Result "0-1"]
[WhiteElo "2248"]
[BlackElo "2127"]
[TimeControl "180+1"]
[EndTime "10:38:39 PDT"]
[Termination "HarryCun won by checkmate"]

1. e4 c6 2. d4 d5 3. Nc3 dxe4 4. Nxe4 Bf5 5. Ng3 Bg6 6. h4 h6 7. Nf3 Nf6 8. h5 Bh7 9. Bd3 Bxd3 10. Qxd3 e6 11. Bd2 Nbd7 12. O-O-O Be7 13. Ne4 Nxe4 14. Qxe4 Nf6 15. Qd3 Qd5 16. Kb1 Qe4 17. Qxe4 Nxe4 18. Be3 a5 19. Ne5 a4 20. f3 Ng3 21. Rh3 Nf5 22. Bf2 Bf6 23. g4 Rd8 24. Rhh1 Ne7 25.
c4 b5 26. b3 axb3 27. axb3 bxc4 28. bxc4 c5 29. f4 O-O 30. Kc2 cxd4 31. Bxd4 Ra8 32. Ra1 Rac8 33. Kd3 Rfd8 34. Ke3 Bxe5 35. Bxe5 Rxc4 36.
Rhb1 Nd5+ 37. Kf3 f6 38. Rb7 fxe5 39. Raa7 Rc3+ 40. Kf2 Nf6 41. Rxg7+ Kh8 42. g5 Ne4+ 43. Ke1 Rc1+ 44. Ke2 Rd2+ 45. Kf3 Rc3+ 46. Kxe4 Re2# 0-1